 Dungeon Crawl Stone Soup version 0.29-a0-555-g3b24f45cc1 (webtiles) character file.

Game seed: 18169215583677320989

527 vulpzor the Covert (level 7, -14/49 (52) HPs)
             Began as a Gnoll Wanderer on June 8, 2022.
             Was an Initiate of Dithmenos.
             Killed by a bolt of negative energy (26 damage)
             ... invoked by the anger of Yredelemnul
             ... on level 4 of the Dungeon.
             The game lasted 00:23:52 (4039 turns).

vulpzor the Covert (Gnoll Wanderer)                 Turns: 4039, Time: 00:23:53

HP:   -14/49 (52)   AC:  8    Str: 12    XL:     7   Next: 23%
MP:   10/10         EV: 12    Int: 10    God:    Dithmenos [......]
Gold: 217           SH:  0    Dex: 20    Spells: 7/10 levels left

rFire   + . .      SeeInvis .   B - +2 trident (venom)
rCold   x . .      Faith    .   (no shield)
rNeg    . . .      Spirit   .   e - +1 leather armour
rPois   .          Reflect  .   (no helmet)
rElec   .          Harm     .   k - +2 cloak
rCorr   .          Rampage  .   (no gloves)
Will    .....                   A - +0 pair of boots
Stlth   ++++......              (no amulet)
HPRegen 0.16/turn               m - +6 ring of dexterity
MPRegen 0.12/turn               j - ring of fire

@: drained
A: fangs 1, strong nose, distributed training
a: Renounce Religion


You were on level 4 of the Dungeon.
You worshipped Dithmenos.
Dithmenos was noncommittal.
You visited 1 branch of the dungeon, and saw 6 of its levels.

You collected 217 gold pieces.

Inventory:

Hand Weapons
 a - a +3 dagger
 c - a +0 spear
 n - a +3 short sword
 s - a +0 short sword of venom
 y - a +0 mace of protection
 B - a +2 trident of venom (weapon)
Missiles
 x - a throwing net (quivered)
Armour
 e - a +1 leather armour (worn)
 k - a +2 cloak (worn)
 z - a +3 scale mail of cold resistance
 A - a +0 pair of boots (worn)
Magical Staves
 t - a staff of death
Jewellery
 j - a ring of fire (right hand)
 m - a +6 ring of dexterity (left hand)
 w - a ring of wizardry
Wands
 g - a wand of paralysis (22)
Scrolls
 b - 2 scrolls of fear
 d - 2 scrolls of fog
 h - 3 scrolls of amnesia {unknown}
 i - 3 scrolls of enchant armour
 o - a scroll of noise
 u - 4 scrolls of identify
Potions
 p - a potion of brilliance
 q - 2 potions of degeneration {unknown}
 r - 3 potions of heal wounds {unknown}
 v - a potion of mutation {unknown}


   Skills:
 + Level 3.5 Fighting
 + Level 2.3 Short Blades
 + Level 2.3 Long Blades
 + Level 2.3 Axes
 + Level 2.3 Maces & Flails
 + Level 5.2 Polearms
 + Level 2.3 Staves
 + Level 2.3 Slings
 + Level 2.3 Bows
 + Level 2.3 Crossbows
 + Level 2.3 Throwing
 + Level 3.5 Armour
 + Level 2.3 Dodging
 + Level 9.9 Stealth
 + Level 2.3 Shields
 + Level 2.3 Unarmed Combat
 + Level 2.3 Spellcasting
 + Level 1.9 Conjurations
 + Level 1.9 Hexes
 + Level 1.9 Summonings
 + Level 1.9 Necromancy
 + Level 1.9 Translocations
 + Level 1.9 Transmutations
 + Level 1.9 Fire Magic
 + Level 1.9 Ice Magic
 + Level 1.9 Air Magic
 + Level 1.9 Earth Magic
 + Level 1.9 Poison Magic
 + Level 3.7 Invocations
 + Level 2.3 Evocations


You had 7 spell levels left.
You knew the following spells:

 Your Spells              Type           Power      Damage    Failure   Level
a - Magic Dart            Conj           20%        1d4       17%         1
b - Call Imp              Summ           5%         N/A       26%         2

Your spell library contained the following spells:

 Spells                   Type           Power      Damage    Failure   Level
 Mephitic Cloud           Conj/Pois/Air  5%         N/A       45%         3


Dungeon Overview and Level Annotations

Branches:
Dungeon (6/15)
 Temple: D:4-7

Altars:
Dithmenos
Elyvilon
Yredelemnul

Annotations:
D:5 Pikel


Innate Abilities, Weirdness & Mutations

You have very sharp teeth.
Your uncanny sense of smell can sniff out nearby items.
Your experience applies equally to all skills.


Message History

The dart slug launches a dart at you.
The slug dart hits you but does no damage.
You see here a killer bee corpse.
A scorpion comes into view.
The vampire hits you!
* * * LOW HITPOINT WARNING * * *
The vampire bites you!
* * * LOW HITPOINT WARNING * * *
The vampire draws strength from your injuries!
As you read the scroll of teleportation, it crumbles to dust.
You feel strangely unstable. The vampire completely misses you.
The vampire closely misses you.
Your surroundings suddenly seem different.
Pikel, 2 lemures, an orc and a jackal come into view.
Pikel is wielding a +1 whip of electrocution.
Found a stone staircase leading up and a stone staircase leading down.
The jackal barks!
The lemure shouts!
The orc shouts!
There is a stone staircase leading up here.
The orc misses you.
You climb upwards.
Reactivating autopickup.
There is a stone staircase leading down here.
Okay, then.
It was a potion of brilliance.
You feel clever all of a sudden. The orc closely misses you.
You barely miss the orc. The orc hits you but does no damage.
You hit the orc.
The orc is poisoned.
The orc is heavily wounded.
The orc hits you but does no damage.
You hit the orc.
You kill the orc!
Dithmenos accepts your kill.
You start resting.
You feel a little less clever now.
You start resting.
Yredelemnul's anger turns toward you for a moment.
The bolt of negative energy hits you!!
You feel drained.
Ouch! That really hurt!
You die...

...............#..# #...#
...............#..# #...#
...............#.#########
...............#.# #.....#
...............#.###.....#
...............#.#.......#
.....#########...##......#
###### #...........### #
#####..@###.......# #
#.....)...#.##....# #
#.........#.##....# #
####.........#.##....# #
###............#.##....#
#..............#.##....#
#..............#.......#
#....#.........####.####
#....+..#'#####.....#######


You could see the anger of Yredelemnul (unaware).

Vanquished Creatures
  A black bear (D:5)
  An ice beast (D:4)
  2 killer bees (D:5)
  A hound (D:4)
  Terence (D:3)
  An iguana (D:5)
  An orc wizard (D:3)
  An adder (D:2)
  A worm (D:2)
  2 dart slugs
  10 orcs
  7 endoplasms
  3 giant cockroaches
  11 goblins
  3 hobgoblins
  6 kobolds
  8 quokkas
  5 ball pythons
  7 bats
  6 rats
78 creatures vanquished.

Vanquished Creatures (collateral kills)
  An orc priest (D:3)
  An ufetubus (D:4)
  A worm (D:2)
  A dart slug (D:2)
  An orc (D:4)
  A bat (D:1)
  A goblin (D:2)
  A hobgoblin (D:2)
  A kobold (D:2)
  A rat (D:2)
10 creatures vanquished.

Vanquished Creatures (others)
  A killer bee zombie (D:5)
  A ball python zombie (D:3)
  An endoplasm zombie (D:3)
  A goblin zombie (D:3)
  4 orc zombies (D:3)
  A quokka zombie (D:2)
9 creatures vanquished.

Grand Total: 97 creatures vanquished

Notes
Turn   | Place    | Note
-------+----------+-------------------------------------------
     0 | D:1      | Reached skill level 9 in Stealth
     0 | D:1      | vulpzor the Gnoll Wanderer began the quest for the Orb.
     0 | D:1      | vulpzor set off with the following items: a +3 dagger, a
                  | scroll of fear, a +0 spear, a scroll of fog, a +0 leather
                  | armour
     0 | D:1      | Reached XP level 1. HP: 17/17 MP: 2/2
   278 | D:1      | Reached XP level 2. HP: 23/23 MP: 3/3
   475 | D:1      | Found a faded altar of an unknown god.
   507 | D:1      | Prayed at the altar of an unknown god.
   507 | D:1      | Became a worshipper of Yredelemnul the Dark
   507 | D:1      | Reached * piety under Yredelemnul
   566 | D:1      | Reached XP level 3. HP: 25/28 MP: 4/4
   823 | D:1      | Reached ** piety under Yredelemnul
  1168 | D:2      | Reached skill level 1 in Short Blades
  1168 | D:2      | Reached skill level 1 in Long Blades
  1168 | D:2      | Reached skill level 1 in Axes
  1168 | D:2      | Reached skill level 1 in Maces & Flails
  1168 | D:2      | Reached skill level 1 in Staves
  1168 | D:2      | Reached skill level 1 in Slings
  1168 | D:2      | Reached skill level 1 in Bows
  1168 | D:2      | Reached skill level 1 in Crossbows
  1168 | D:2      | Reached skill level 1 in Throwing
  1168 | D:2      | Reached skill level 1 in Dodging
  1168 | D:2      | Reached skill level 1 in Shields
  1168 | D:2      | Reached skill level 1 in Unarmed Combat
  1168 | D:2      | Reached skill level 1 in Spellcasting
  1168 | D:2      | Reached skill level 1 in Evocations
  1176 | D:2      | Reached XP level 4. HP: 34/34 MP: 6/6
  1670 | D:3      | Learned a level 1 spell: Magic Dart
  1673 | D:3      | Learned a level 2 spell: Call Imp
  2027 | D:3      | Reached skill level 1 in Conjurations
  2027 | D:3      | Reached skill level 1 in Hexes
  2027 | D:3      | Reached skill level 1 in Summonings
  2027 | D:3      | Reached skill level 1 in Necromancy
  2027 | D:3      | Reached skill level 1 in Translocations
  2027 | D:3      | Reached skill level 1 in Transmutations
  2027 | D:3      | Reached skill level 1 in Fire Magic
  2027 | D:3      | Reached skill level 1 in Ice Magic
  2027 | D:3      | Reached skill level 1 in Air Magic
  2027 | D:3      | Reached skill level 1 in Earth Magic
  2027 | D:3      | Reached skill level 1 in Poison Magic
  2033 | D:3      | Reached XP level 5. HP: 28/40 MP: 7/7
  2325 | D:3      | Noticed Terence
  2327 | D:3      | Killed Terence
  2988 | D:4      | You fall into a shaft and drop 2 floors!
  2992 | D:5      | Entered Level 5 of the Dungeon
  3011 | D:5      | Reached XP level 6. HP: 28/47 MP: 8/8
  3011 | D:5      | Noticed an ice beast
  3030 | D:4      | Killed an ice beast
  3031 | D:4      | Reached skill level 5 in Polearms
  3378 | D:4      | Found a shadowy altar of Dithmenos.
  3390 | D:4      | Fell from the grace of Yredelemnul
  3390 | D:4      | Became a worshipper of Dithmenos the Shadowed
  3493 | D:4      | Found a white marble altar of Elyvilon.
  3953 | D:5      | Noticed a vampire
  3957 | D:5      | Noticed a black bear
  3959 | D:5      | Killed a black bear
  3960 | D:5      | Reached XP level 7. HP: 38/52 MP: 10/10
  3984 | D:5      | HP: 2/52 [vampire[the anger of Yredelemnul] (8)]
  3988 | D:5      | Noticed Pikel
  4039 | D:4      | Killed by a bolt of negative energy

Illustrated notes

Levels and vault maps discovered:
D:1:      sevenhm_arrival_forest_fort_large_1, layout_loops_ring,
          chequers_ecumenical_altar_simple
D:2:      layout_loops_ring, minmay_misc_feat_rugged, mrwooster_statue_mirror,
          st_stairs_5
D:3:      layout_loops_ring, uniq_terence
D:4:      layout_basic, nicolae_dithmenos_the_darkroom, elyvilon_altar_1
D:5:      layout_rooms, uniq_pikel
D:6:      layout_rooms

Skill      XL: |  1  2  3  4  5  6 |
---------------+-------------------+-----
Stealth        | |  9.9
Short Blades   | 1 2 |  2.3
Long Blades    | 1 2 |  2.3
Axes           | 1 2 |  2.3
Maces & Flails | 1 2 |  2.3
Staves         | 1 2 |  2.3
Slings         | 1 2 |  2.3
Bows           | 1 2 |  2.3
Crossbows      | 1 2 |  2.3
Throwing       | 1 2 |  2.3
Dodging        | 1 2 |  2.3
Shields        | 1 2 |  2.3
Unarmed Combat | 1 2 |  2.3
Spellcasting   | 1 2 |  2.3
Evocations     | 1 2 |  2.3
Conjurations   | 1 |  1.9
Hexes          | 1 |  1.9
Summonings     | 1 |  1.9
Necromancy     | 1 |  1.9
Translocations | 1 |  1.9
Transmutations | 1 |  1.9
Fire Magic     | 1 |  1.9
Ice Magic      | 1 |  1.9
Air Magic      | 1 |  1.9
Earth Magic    | 1 |  1.9
Poison Magic   | 1 |  1.9
Invocations    | 3 |  3.7
Fighting       | 3 |  3.5
Armour         | 3 |  3.5
Polearms       | 5 |  5.2

Action                   |  1- 3 |  4- 6 |  7- 9 || total
-------------------------+-------+-------+-------++-------
Melee: Dagger            |    41 |       |       ||    41
       Bite              |     5 |    11 |       ||    16
       Short sword       |    20 |    51 |       ||    71
       Trident           |       |    40 |     8 ||    48
Invok: Recall Undead Har |       |     1 |       ||     1
  Use: Scroll            |     3 |     6 |     1 ||    10
       Potion            |       |     2 |     1 ||     3
 Stab: Sleeping          |    16 |    18 |       ||    34
Armor: Leather armour    |    16 |    26 |     4 ||    46
Dodge: Dodged            |    20 |    33 |    11 ||    64

Table legend: (Time is in decaauts)
 A = Elapsed time spent in this place.
 B = Non-inter-level travel time spent in this place.
 C = Inter-level travel time spent in this place.
 D = Time resting spent in this place.
 E = Time spent auto-exploring this place.
 F = Levels seen in this place.
 G = Mean time per level.
                   A        B        C        D        E       F      G
               +--------+--------+--------+--------+--------+-----+--------+
         Total |   4048 |   4048 |      0 |    602 |   2118 |   6 |  674.7 |
       Dungeon |   4048 |   4048 |      0 |    602 |   2118 |   6 |  674.7 |
               +--------+--------+--------+--------+--------+-----+--------+

Top non-repeatable levels by time:
     D:4: 1128 daAuts
     D:3: 965 daAuts
     D:2: 895 daAuts
     D:1: 870 daAuts
     D:5: 185 daAuts
     D:6: 3 daAuts
